 Dungeon Crawl Stone Soup version 0.29-a0-275-g389c0b56f3 (webtiles) character file.

Game seed: 4388862901012900261

9 innerfire433 the Skirmisher (level 2, -1/24 HPs)
             Began as a Demonspawn Monk on Mar 12, 2022.
             Slain by a quokka (2 damage)
             ... on level 1 of the Dungeon.
             The game lasted 00:00:56 (563 turns).

innerfire433 the Skirmisher (Demonspawn Monk)        Turns: 563, Time: 00:00:57

Health: -1/24      AC:  2    Str: 11    XL:     2   Next: 3%
Magic:  2/2        EV: 13    Int: 11    God:
Gold:   17         SH:  0    Dex: 17    Spells: 1/1 levels left

rFire   . . .      SeeInvis .   a - +0 mace
rCold   . . .      Faith    .   (no shield)
rNeg    . . .      Spirit   .   b - +0 robe
rPois   .          Reflect  .   (no helmet)
rElec   .          Harm     .   (no cloak)
rCorr   .          Rampage  .   (no gloves)
Will    .....                   (no boots)
Stlth   +++.......              (no amulet)
HPRegen 0.08/turn               (no ring)
MPRegen 0.08/turn               (no ring)

@: brilliant
A: thin skeletal structure 1
a: no special abilities


You were on level 1 of the Dungeon.
You visited 1 branch of the dungeon, and saw 1 of its levels.

You collected 17 gold pieces.

Inventory:

Hand Weapons
 a - a +0 mace (weapon)
Armour
 b - a +0 robe (worn)
Potions
 c - a potion of ambrosia


   Skills:
 + Level 3.1 Fighting
 + Level 2.8 Maces & Flails
 + Level 2.8 Dodging
 + Level 2.0 Stealth


You had one spell level left.
You didn't know any spells.
Your spell library was empty.

Dungeon Overview and Level Annotations

Branches:
Dungeon (1/15)

Altars:


Innate Abilities, Weirdness & Mutations

You have a somewhat thin skeletal structure. (Dex +2, Stealth+)


Message History

The hobgoblin hits you.
A giant cockroach comes into view.
The quokka barely misses you.
You hit the hobgoblin.
The hobgoblin is moderately wounded.
The rat bites you. The hobgoblin hits you. The quokka barely misses you.
The rat bites you but does no damage. The hobgoblin hits you.
You are too injured to fight recklessly!
You are too injured to fight recklessly!
You are too injured to fight recklessly!
You are too injured to fight recklessly!
You are too injured to fight recklessly!
You are too injured to fight recklessly!
You are too injured to fight recklessly!
You are too injured to fight recklessly!
You are too injured to fight recklessly!
You are too injured to fight recklessly!
You are too injured to fight recklessly!
You are too injured to fight recklessly!
You are too injured to fight recklessly!
The rat closely misses you. The quokka misses you.
The endoplasm attacks as you move away! The endoplasm hits you.
The giant cockroach bites you but does no damage.
The rat attacks as you move away! The rat bites you but does no damage.
The giant cockroach attacks as you move away!
The giant cockroach closely misses you. The quokka bites you.
The bat hits you but does no damage. The endoplasm misses you.
The bat barely misses you. The endoplasm hits you.
* * * LOW HITPOINT WARNING * * *
The endoplasm attacks as you move away! The endoplasm completely misses you.
The bat hits you but does no damage. The hobgoblin hits you.
* * * LOW HITPOINT WARNING * * *
The giant cockroach misses you.
You aren't carrying any scrolls.
It was a potion of brilliance.
You feel clever all of a sudden. The bat closely misses you.
The giant cockroach bites you.
* * * LOW HITPOINT WARNING * * *
The hobgoblin misses you. The quokka bites you.
You die...

## #. ...#
#.###..###
###........#
#..........#
#..........#
...........#
...###.).$J#
...#G#...gb#
...###..rr@#
.............B##
....._........+
..............#
###...###....#
#G#...#G#)...#
.###...###....#
..............#
..####..†........#


You could see an endoplasm, a quokka, a giant cockroach, a hobgoblin, a bat and
a rat.

Vanquished Creatures
  A dart slug (D:1)
  2 kobolds (D:1)
  3 ball pythons (D:1)
  A frilled lizard (D:1)
7 creatures vanquished.

Notes
Turn   | Place    | Note
-------+----------+-------------------------------------------
     0 | D:1      | innerfire433 the Demonspawn Monk began the quest for the
                  | Orb.
     0 | D:1      | Reached XP level 1. HP: 18/18 MP: 1/1
   524 | D:1      | Found a faded altar of an unknown god.
   526 | D:1      | Noticed a shining eye
   529 | D:1      | Noticed an eye of devastation
   549 | D:1      | Noticed a great orb of eyes
   553 | D:1      | Gained mutation: You have a somewhat thin skeletal
                  | structure. (Dex +2, Stealth+) [demonic ancestry]
   553 | D:1      | Reached XP level 2. HP: 24/24 MP: 2/2
   563 | D:1      | HP: 1/24 [giant cockroach (1)]
   563 | D:1      | Slain by a quokka

Illustrated notes

Levels and vault maps discovered:
D:1:      dpeg_arrival_castle, layout_basic,
          hellmonk_ecumenical_altar_watching_god, minmay_misc_feat_encased

Skill      XL: |  1 |
---------------+----+-----
Stealth        | 2 |  2.0
Fighting       | |  3.1
Maces & Flails | |  2.8
Dodging        | |  2.8

Action                   || total
-------------------------++-------
Melee: Mace              ||    24
  Use: Potion            ||     1
 Stab: Sleeping          ||     2
Armor: Robe              ||    11
Dodge: Dodged            ||    26

Table legend: (Time is in decaauts)
 A = Elapsed time spent in this place.
 B = Non-inter-level travel time spent in this place.
 C = Inter-level travel time spent in this place.
 D = Time resting spent in this place.
 E = Time spent auto-exploring this place.
 F = Levels seen in this place.
 G = Mean time per level.
                   A        B        C        D        E       F      G
               +--------+--------+--------+--------+--------+-----+--------+
         Total |    571 |    571 |      0 |      0 |    504 |   1 |  571.0 |
       Dungeon |    571 |    571 |      0 |      0 |    504 |   1 |  571.0 |
               +--------+--------+--------+--------+--------+-----+--------+

Top non-repeatable levels by time:
     D:1: 571 daAuts
